 Dungeon Crawl Stone Soup version 0.22-a0-785-g6253c82ace (webtiles) character file.

95 Htamos the Ducker (level 4, 0/36 HPs)
             Began as a Human Monk on July 20, 2018.
             Succumbed to a worker ant's poison
             ... on level 2 of the Dungeon.
             The game lasted 00:02:15 (2224 turns).

Htamos the Ducker (Human Monk)                      Turns: 2224, Time: 00:02:15

Health: 0/36       AC:  2    Str: 11    XL:     4   Next: 95%
Magic:  4/4        EV: 20    Int: 10    God:
Gold:   86         SH:  0    Dex: 22    Spells: 3/3 levels left

rFire    . . .     SeeInvis .   a - +0 hand axe
rCold    . . .     Gourm    .   (no shield)
rNeg     . . .     Faith    .   b - +0 robe
rPois    .         Spirit   .   (no helmet)
rElec    .         Reflect  .   (no cloak)
rCorr    .         Harm     .   (no gloves)
MR       .....                  (no boots)
Stlth    +++.......             (no amulet)
HPRegen  0.12/turn              (no ring)
MPRegen  0.09/turn              (no ring)

@: agile, lethally poisoned (0 -> -10)
A: no striking features
a: no special abilities


You were on level 2 of the Dungeon.
You were very hungry.

You visited 1 branch of the dungeon, and saw 3 of its levels.

You collected 86 gold pieces.

Inventory:

Hand Weapons
 a - a +0 hand axe (weapon)
Armour
 b - a +0 robe (worn)
Scrolls
 g - a scroll of teleportation {unknown}
 h - a scroll of random uselessness {unknown}
 i - a scroll of enchant armour {unknown}
Comestibles
 c - a ration


   Skills:
 + Level 3.6 Fighting
 + Level 3.6 Axes
 * Level 4.2 Dodging
 - Level 2.0 Stealth


You had 3 spell levels left.
You didn't know any spells.
Your spell library was empty.

Dungeon Overview and Level Annotations

Branches:
Dungeon (3/15)

Altars:
Makhleb
Xom


Message History

You feel sick. The worker ant closely misses you. The worker ant bites you.
* * * LOW HITPOINT WARNING * * *
You are more poisoned.
The worker ant poisons you!
You feel agile all of a sudden.
* * * LOW HITPOINT WARNING * * *
You feel sick. The worker ant bites you.
* * * LOW HITPOINT WARNING * * *
You hit the worker ant.
You kill the worker ant!
* * * LOW HITPOINT WARNING * * *
You feel sick.
* * * LOW HITPOINT WARNING * * *
You feel sick.
You see here a worker ant corpse.
Unknown command.
As you read the scroll labeled HYDEXA DEPTAF, it crumbles to dust.
You hear a loud clanging noise!
It was a scroll of noise.
You die...

#.#
#.....#............
#.#
##.⌠._#####.###.###
#.# #....# #.# #.#
# ########.# ##..##
#.###.###
.........# #####
#..##..[.
#######..# #.#
##....... #..# #.#
#..#####
#..##########.#
#..# #
#..[.....>@...#
#..# #
####.##########
#..# # #.# #..# #.#
#..# #.# ####..#
#.# #.....# ### #.#
##.##.####.. #.#
######.#.#.###...
#.#
#.><..###........


There were no monsters in sight!

Vanquished Creatures
  A jelly (D:2)
  A worker ant (D:2)
  A worm (D:2)
  4 dart slugs
  2 leopard geckos (D:1)
  3 goblins (D:1)
  4 hobgoblins
  2 quokkas (D:2)
  A ball python (D:2)
  2 bats
  5 frilled lizards
  2 kobolds (D:2)
  5 rats
33 creatures vanquished.

Notes
Turn   | Place    | Note
-------+----------+-------------------------------------------
     0 | D:1      | Htamos the Human Monk began the quest for the Orb.
     0 | D:1      | Reached XP level 1. HP: 18/18 MP: 1/1
   160 | D:1      | Reached XP level 2. HP: 20/24 MP: 2/2
  1000 | D:2      | Reached XP level 3. HP: 29/29 MP: 3/3
  1266 | D:2      | Reached skill level 4 in Dodging
  1266 | D:2      | Reached XP level 4. HP: 19/35 MP: 4/4
  2164 | D:2      | Found a shimmering altar of Xom.
  2164 | D:2      | Found a burning altar of Makhleb.
  2223 | D:2      | HP: 1/36 [poisoned by a worker ant]
  2224 | D:2      | Succumbed to a worker ant's poison

Vault maps used:
D:1:      dpeg_arrival_central, minivault_4, minmay_misc_feat_square
D:2:      gammafunk_temple_overflow_pools
D:3:      first_ration, minivault_19, serial_bayou_pond_c, corexii_corridor_pit,
          st_stairs_3

Skill      XL: |  1  2  3 |
---------------+----------+-----
Dodging        | 4 |  4.2
Fighting       | |  3.6
Axes           | |  3.6
Stealth        | |  2.0

Action                   |  1- 3 |  4- 6 || total
-------------------------+-------+-------++-------
Melee: Hand axe          |    73 |    41 ||   114
  Use: Potion            |     1 |     3 ||     4
       Scroll            |       |     1 ||     1
 Stab: Sleeping          |     7 |     6 ||    13
       Distracted        |     1 |       ||     1
  Eat: Chunk             |     1 |     2 ||     3
Armor: Robe              |    13 |     2 ||    15
Dodge: Dodged            |    43 |    25 ||    68

Table legend:
 A = Spawn XP
 B = Non-spawn XP
 C = Spawn XP percentage of total XP
 D = Spawn monster count
 E = Non-spawn monster count
 F = Spawn count percentage of total count
 G = Total turns spent on level
                    A         B        C        D         E        F      G
               +---------+---------+-------+---------+---------+-------+---------
         Total |       0 |     136 |   0.0 |       0 |      33 |   0.0 |  2224
               +---------+---------+-------+---------+---------+-------+---------
           D:1 |       0 |      25 |   0.0 |       0 |      13 |   0.0 |   841
           D:2 |       0 |     111 |   0.0 |       0 |      20 |   0.0 |  1371
               +---------+---------+-------+---------+---------+-------+---------
